 Dungeon Crawl Stone Soup version 0.27-a0-1287-gca74d27db6 (webtiles) character file.

Game seed: 13909092010279893254

1407 flotson the Skirmisher (level 8, -8/62 HPs)
             Began as a Demonspawn Fighter on June 14, 2021.
             Mangled by Menkaure (13 damage)
             ... on level 5 of the Dungeon.
             The game lasted 00:09:14 (5341 turns).

flotson the Skirmisher (Demonspawn Fighter)         Turns: 5341, Time: 00:09:14

Health: -8/62      AC:  9    Str: 18    XL:     8   Next: 42%
Magic:  8/8        EV:  9    Int: 10    God:
Gold:   277        SH:  9    Dex: 13    Spells: 7/7 levels left

rFire    + . .     SeeInvis .   a - +0 mace (drain)
rCold    . . .     Faith    .   c - +0 kite shield
rNeg     . . .     Spirit   .   r - +0 scale mail
rPois    .         Reflect  .   (helmet restricted)
rElec    .         Harm     .   H - +0 cloak
rCorr    .         Rampage  .   B - +0 pair of gloves
Will     .....                  (no boots)
Stlth    ..........             (no amulet)
HPRegen  0.20/turn              k - ring of protection from fire
MPRegen  0.11/turn              (no ring)

@: no status effects
A: horns 1, spiny 1, demonic magic 2
a: no special abilities


You were on level 5 of the Dungeon.
You visited 1 branch of the dungeon, and saw 5 of its levels.
You also visited: Ossuary.

You collected 277 gold pieces.

Inventory:

Hand Weapons
 a - a +0 mace of draining (weapon)
 b - a +0 hunting sling
 K - a +0 war axe
Missiles
 h - 3 curare-tipped darts
 j - 8 boomerangs (quivered)
 l - 38 sling bullets
 F - 6 atropa-tipped darts
Armour
 c - a +0 kite shield (worn)
 r - a +0 scale mail (worn)
 B - a +0 pair of gloves (worn)
 H - a +0 cloak (worn)
Jewellery
 k - a ring of protection from fire (left hand)
 G - a ring of flight
Wands
 C - a wand of charming (7)
 I - a wand of flame (23)
 J - a wand of acid (10)
Scrolls
 e - 11 scrolls of identify {unknown}
 f - 3 scrolls of immolation {unknown}
 i - 3 scrolls of noise {unknown}
 m - a scroll of holy word {unknown}
 n - a scroll of summoning {unknown}
 o - 2 scrolls of blinking {unknown}
 p - 3 scrolls of teleportation {unknown}
 q - a scroll of enchant armour {unknown}
 s - a scroll of torment {unknown}
 u - a scroll of amnesia {unknown}
 y - a scroll of vulnerability {unknown}
 z - a scroll of enchant weapon {unknown}
 A - a scroll of silence {unknown}
 D - 3 scrolls of fog {unknown}
 E - a scroll of fear {unknown}
Potions
 d - a potion of might
 g - 2 potions of mutation {unknown}
 t - 2 potions of berserk rage {unknown}
 v - 2 potions of heal wounds
 w - a potion of flight {unknown}
 x - a potion of brilliance {unknown}


   Skills:
 + Level 5.2 Fighting
 + Level 4.2 Axes
 + Level 3.3 Throwing
 + Level 4.7 Armour
 + Level 3.6 Dodging
 + Level 4.7 Shields
 + Level 0.7 Evocations


You had 7 spell levels left.
You didn't know any spells.
Your spell library was empty.

Dungeon Overview and Level Annotations

Branches:
Dungeon (5/15)            Ossuary (visited)
 Temple: D:4-7

Altars:
Elyvilon
Makhleb
Okawaru

Annotations:
D:5 Menkaure


Innate Abilities, Weirdness & Mutations

You have a pair of small horns on your head.
You are partially covered in sharp spines.
Spells you cast may paralyse nearby enemies.


Message History

No target in view!
l - 39 sling bullets (gained 1)
l - 40 sling bullets (gained 1)
Found a stone staircase leading down.
Found 12 arrows.
You now have 258 gold pieces (gained 13).
You now have 270 gold pieces (gained 12).
Found a spear.
Found an escape hatch in the ceiling.
You now have 277 gold pieces (gained 7).
Found a stone staircase leading down.
Menkaure, Prince of Dust comes into view.
Menkaure shouts!
Unknown command.
You shoot a sling bullet. The sling bullet hits Menkaure!
Menkaure is heavily damaged.
Menkaure calls on the powers of darkness!
Your body is wracked with pain!
You shoot a sling bullet. The sling bullet hits Menkaure.
Menkaure is heavily damaged.
You sense an unholy aura.
a - a +0 mace of draining (weapon)
Menkaure is struck by your spines. Menkaure hits you.
You sock Menkaure!
Menkaure is severely damaged.
Menkaure is struck by your spines. Menkaure hits you!
* * * LOW HITPOINT WARNING * * *
You barely miss Menkaure.
Menkaure is almost destroyed.
Menkaure casts a spell at you. Pain shoots through your body!
* * * LOW HITPOINT WARNING * * *
You barely miss Menkaure.
Menkaure is almost destroyed.
Menkaure calls on the powers of darkness!
Your body is wracked with pain!
* * * LOW HITPOINT WARNING * * *
You hit Menkaure.
Menkaure is almost destroyed.
Menkaure hits you!
You die...

##........ #..#
.......... ...#
........## #..#
.........# #...
.).....#.# #..#
.......#.# #
#..######..........
#.##.>.......<........
#....@M((.............
####.######.###.......
#.# ###...(. #.#
........ #.# ###.#...
#.# #.##.# #.# #.##.#
#.# ##########.##.#
#.###.............#


You could see Menkaure.

Vanquished Creatures
  Eustachio (D:5)
  A steam dragon (D:5)
  A hornet zombie (Ossuary)
  A phantom (D:4)
  A wyvern zombie (Ossuary)
  2 water moccasin zombies (Ossuary)
  A howler monkey (D:4)
  2 centaur zombies (Ossuary)
  5 bullfrog zombies (Ossuary)
  2 jellies
  A hound (D:4)
  A centaur skeleton (D:4)
  Ijyb (D:5)
  2 killer bee zombies (Ossuary)
  12 mummies
  3 howler monkey zombies
  A gnoll (D:2)
  3 adders
  2 worms (D:3)
  A dart slug (D:2)
  An orc (D:3)
  5 ball pythons
  3 bats
  An endoplasm (D:1)
  4 giant cockroaches
  9 goblins
  9 hobgoblins
  15 jackals
  A quokka (D:3)
  3 frilled lizards
  5 kobolds
  5 rats
105 creatures vanquished.

Vanquished Creatures (others)
  10 withered plants (Ossuary)
10 creatures vanquished.

Grand Total: 115 creatures vanquished

Notes
Turn   | Place    | Note
-------+----------+-------------------------------------------
     0 | D:1      | flotson the Demonspawn Fighter began the quest for the Orb.
     0 | D:1      | Reached XP level 1. HP: 18/18 MP: 1/1
   196 | D:1      | Gained mutation: You are partially covered in sharp spines.
                  | [demonic ancestry]
   196 | D:1      | Reached XP level 2. HP: 18/24 MP: 2/2
   975 | D:1      | Gained mutation: Spells you cast may paralyse adjacent
                  | enemies. [demonic ancestry]
   975 | D:1      | Reached XP level 3. HP: 26/29 MP: 3/3
  1278 | D:2      | Reached skill level 1 in Dodging
  2033 | D:2      | Found a faded altar of an unknown god.
  2307 | D:3      | Reached XP level 4. HP: 34/34 MP: 4/4
  2897 | D:4      | Found a sand-covered staircase.
  2906 | D:4      | Reached skill level 1 in Throwing
  2906 | D:4      | Reached XP level 5. HP: 41/41 MP: 5/5
  2909 | Ossuary  | Entered an ossuary
  3012 | Ossuary  | Reached XP level 6. HP: 5/48 MP: 6/6
  3030 | Ossuary  | Reached skill level 4 in Fighting
  3514 | Ossuary  | Gained mutation: You have a pair of small horns on your
                  | head. [demonic ancestry]
  3514 | Ossuary  | Reached XP level 7. HP: 39/54 MP: 7/7
  4417 | D:4      | Found an iron altar of Okawaru.
  4553 | D:4      | Gained mutation: Spells you cast may paralyse nearby
                  | enemies. [demonic ancestry]
  4553 | D:4      | Reached XP level 8. HP: 61/61 MP: 8/8
  4716 | D:4      | Found a burning altar of Makhleb.
  4716 | D:4      | Noticed an Executioner
  4867 | D:5      | Entered Level 5 of the Dungeon
  4895 | D:5      | Reached skill level 5 in Fighting
  5071 | D:5      | Noticed Eustachio
  5083 | D:5      | Killed Eustachio
  5108 | D:5      | Noticed Ijyb
  5117 | D:5      | Killed Ijyb
  5333 | D:5      | Noticed Menkaure
  5341 | D:5      | Mangled by Menkaure

Illustrated notes

Levels and vault maps discovered:
D:1:      lemuel_arrival_broad_hall, layout_basic
D:2:      layout_basic, hellmonk_ecumenical_altar_prayer_group,
          minmay_misc_feat_tiny, cheibrodos_gnoll_hut
D:3:      layout_rooms, elyvilon_altar_5
D:4:      layout_cave_pools, makhleb_altar_promises_db, okawaru_gym_becter,
          gup_ossuary_entry_pyramid
D:5:      layout_loops_ring, uniq_ijyb, uniq_menkaure, uniq_eustachio

Skill      XL: |  1  2  3  4  5  6  7  8 |
---------------+-------------------------+-----
Axes           | 2 3 4 |  4.2
Armour         | 3 4 |  4.7
Dodging        | 1 2 3 |  3.6
Shields        | 3 4 |  4.7
Throwing       | 1 2 3 |  3.3
Fighting       | 4 5 |  5.2
Evocations     | |  0.7

Action                   |  1- 3 |  4- 6 |  7- 9 || total
-------------------------+-------+-------+-------++-------
Melee: War axe           |   107 |    18 |     3 ||   128
       Mace              |       |   120 |   105 ||   225
       Headbutt          |       |       |    31 ||    31
 Fire: Hunting sling     |       |       |     5 ||     5
Throw: Boomerang         |       |       |     9 ||     9
       Dart              |       |       |     3 ||     3
  Use: Potion            |       |     5 |       ||     5
Armor: Scale mail        |    59 |    56 |    35 ||   150
Dodge: Dodged            |    45 |    43 |    39 ||   127
Block: Kite shield       |    75 |    57 |    48 ||   180

Table legend: (Time is in decaauts)
 A = Elapsed time spent in this place.
 B = Non-inter-level travel time spent in this place.
 C = Inter-level travel time spent in this place.
 D = Time resting spent in this place.
 E = Time spent auto-exploring this place.
 F = Levels seen in this place.
 G = Mean time per level.
                   A        B        C        D        E       F      G
               +--------+--------+--------+--------+--------+-----+--------+
         Total |   5549 |   5451 |     98 |    264 |   4179 |   6 |  924.8 |
       Dungeon |   4006 |   3908 |     98 |    145 |   3109 |   5 |  801.2 |
       Ossuary |   1542 |   1542 |      0 |    119 |   1070 |   1 | 1542.0 |
               +--------+--------+--------+--------+--------+-----+--------+

Top non-repeatable levels by time:
 Ossuary: 1542 daAuts
     D:1: 1338 daAuts
     D:2: 1005 daAuts
     D:3: 588 daAuts
     D:4: 587 daAuts
     D:5: 485 daAuts
